 Dungeon Crawl Stone Soup version 0.29-a0-923-g6e406bff71 (webtiles) character file.

Game seed: 11291629473878502472

359 Plasmagod the Slasher (level 6, -8/55 HPs)
             Began as a Minotaur Fighter on July 28, 2022.
             Mangled by Blork the orc
             ... wielding a +0 glaive
              (11 damage)
             ... on level 4 of the Dungeon.
             The game lasted 00:04:15 (3457 turns).

Plasmagod the Slasher (Minotaur Fighter)            Turns: 3457, Time: 00:04:16

Health: -8/55      AC:  9    Str: 20    XL:     6   Next: 37%
Magic:  5/5        EV: 10    Int:  5    God:
Gold:   214        SH:  5    Dex: 12    Spells: 5/5 levels left

rFire   . . .      SeeInvis .   a - +0 long sword (drain)
rCold   . . .      Faith    .   c - +0 buckler
rNeg    . . .      Spirit   .   b - +0 scale mail
rPois   .          Reflect  .   (helmet restricted)
rElec   .          Harm     .   o - +0 cloak
rCorr   .          Rampage  .   (no gloves)
Will    .....                   e - +0 pair of boots
Stlth   ..........              (no amulet)
HPRegen 0.18/turn               (no ring)
MPRegen 0.09/turn               (no ring)

@: no status effects
A: horns 2, retaliatory headbutt
a: no special abilities


You were on level 4 of the Dungeon.
You visited 1 branch of the dungeon, and saw 4 of its levels.

You collected 214 gold pieces.

Inventory:

Hand Weapons
 a - a +0 long sword of draining (weapon)
Armour
 b - a +0 scale mail (worn)
 c - a +0 buckler (worn)
 e - a +0 pair of boots (worn)
 o - a +0 cloak (worn)
Jewellery
 f - an amulet of faith
Scrolls
 d - a scroll of fear {unknown}
 g - 3 scrolls of noise
 k - a scroll of identify
 n - a scroll of fog
Potions
 h - a potion of might
 i - a potion of curing
 j - 2 potions of brilliance
 m - a potion of invisibility


   Skills:
 + Level 4.9 Fighting
 + Level 5.6 Long Blades
 + Level 5.0 Armour
 + Level 1.6 Dodging
 + Level 0.3 Stealth
 + Level 4.4 Shields


You had 5 spell levels left.
You didn't know any spells.
Your spell library contained the following spells:

 Spells                   Type           Power      Damage    Failure   Level
 Gell's Gravitas          Tloc           0%         N/A       99%         3
 Teleport Other           Tloc           0%         N/A       99%         3
 Alistair's Intoxication  Tmut/Pois      0%         N/A       100%        5
 Borgnjor's Vile Clutch   Necr/Erth      0%         N/A       100%        5
 Dispersal                Tloc           0%         N/A       100%        6
 Eringya's Noxious Bog    Tmut/Pois      0%         N/A       100%        6


Dungeon Overview and Level Annotations

Branches:
Dungeon (4/15)
 Temple: D:4-7

Altars:
Hepliaklqana

Annotations:
D:4 Blork the orc


Innate Abilities, Weirdness & Mutations

You have a pair of horns on your head.
You reflexively headbutt those who attack you in melee.


Message History

You are too injured to fight recklessly!
You are too injured to fight recklessly!
You closely miss the hobgoblin.
Blork the orc hits you from afar with a +0 glaive.
Blork the orc gestures at you while chanting.
The puff of flame hits you. You block the hobgoblin's attack.
The goblin shoots a sling bullet.
The sling bullet hits you.
* * * LOW HITPOINT WARNING * * *
You hear a shout!
You hit the hobgoblin. You drain the hobgoblin.
You kill the hobgoblin!
Blork the orc casts a spell at you. The puff of frost hits you!
* * * LOW HITPOINT WARNING * * *
The goblin shoots a sling bullet.
The sling bullet hits you but does no damage.
You block Blork the orc's attack.
You hear a shout!
Blork the orc barely misses you.
The goblin unwields a +0 sling.
The goblin wields a +0 dagger.
The goblin hits you but does no damage.
An orc comes into view. It is wielding a +0 falchion.
You see here an adder corpse.
You slash Blork the orc! You headbutt Blork the orc!
Blork the orc is severely wounded.
Blork the orc barely misses you. Blork the orc casts a spell at you.
The magic dart hits you.
* * * LOW HITPOINT WARNING * * *
The goblin misses you.
You barely miss Blork the orc.
You headbutt Blork the orc, but do no damage.
Blork the orc is severely wounded.
Blork the orc hits you with a +0 glaive.
* * * LOW HITPOINT WARNING * * *
The goblin closely misses you.
Blork the orc begins to cast a cantrip, but forgets the words!
You barely miss Blork the orc.
Blork the orc is severely wounded.
Blork the orc hits you with a +0 glaive!
You die...

###### #. #....# #.
##....# #. #.....# #.
### #.....# #. $...
#.§§..#### ########
.....#§§§§....# #.......
.o...§g§§§....###.......
.....§o@§§$.....#.......
.....§§.§.§.....'...>...
.....§§§####....#.......
.....§§.# #....#.......
........# #....#.......
......### #....#.......
...$.. ######.......
...... #....... #.......


You could see Blork the orc (fast) and a goblin.

Vanquished Creatures
  Duvessa (D:4)
  Dowan (D:4)
  An iguana (D:4)
  Robin (D:3)
  5 adders
  A white imp (D:4)
  A worm (D:3)
  A dart slug (D:3)
  4 orcs (D:3)
  5 ball pythons
  2 bats (D:1)
  7 endoplasms
  A giant cockroach (D:1)
  22 goblins
  12 hobgoblins
  8 jackals
  6 kobolds
  3 quokkas
  5 frilled lizards
  7 rats
94 creatures vanquished.

Notes
Turn   | Place    | Note
-------+----------+-------------------------------------------
     0 | D:1      | Plasmagod the Minotaur Fighter began the quest for the Orb.
     0 | D:1      | Reached XP level 1. HP: 19/19 MP: 0/0
   100 | D:1      | Reached XP level 2. HP: 27/27 MP: 1/1
   481 | D:1      | Reached XP level 3. HP: 22/33 MP: 2/2
   809 | D:2      | Identified the +1 leather armour of Distant Shores {Stlth+}
   854 | D:2      | Found a hazy altar of Hepliaklqana.
  1670 | D:3      | Noticed Robin
  1686 | D:3      | Reached XP level 4. HP: 5/40 MP: 3/3
  1691 | D:3      | Killed Robin
  2700 | D:3      | Reached skill level 1 in Dodging
  3019 | D:4      | Noticed Duvessa
  3033 | D:4      | Killed Duvessa
  3033 | D:4      | Noticed Dowan
  3034 | D:4      | Reached skill level 5 in Long Blades
  3034 | D:4      | Reached XP level 5. HP: 31/47 MP: 4/4
  3039 | D:4      | Killed Dowan
  3040 | D:4      | Reached XP level 6. HP: 33/55 MP: 5/5
  3442 | D:4      | Noticed Blork the orc
  3452 | D:4      | Reached skill level 5 in Armour
  3457 | D:4      | Mangled by Blork the orc

Illustrated notes

Levels and vault maps discovered:
D:1:      onia_arrival_pyramid, layout_basic, minmay_close_crescents
D:2:      layout_basic, shapermc_ecumenical_altar_petra, basic_altar
D:3:      cheibrodos_greedy_goblins, layout_basic, grunt_ministairs_9,
          grunt_decor_cap, corexii_shack, kennysheep_another_room, uniq_robin
D:4:      layout_basic, grunt_ministairs_2, uniq_blork_the_orc, uniq_duvessa

Skill      XL: |  1  2  3  4  5  6 |
---------------+-------------------+-----
Armour         | 4 5 |  5.0
Fighting       | 4 |  4.9
Shields        | 4 |  4.4
Long Blades    | 3 5 |  5.6
Dodging        | 1 |  1.6
Stealth        | |  0.3

Action                   |  1- 3 |  4- 6 || total
-------------------------+-------+-------++-------
Melee: Long sword        |    97 |   107 ||   204
       Headbutt          |     8 |    18 ||    26
  Use: Potion            |     1 |     1 ||     2
       Scroll            |       |     8 ||     8
Armor: Scale mail        |    53 |    66 ||   119
Dodge: Dodged            |    67 |    45 ||   112
Block: Buckler           |    29 |    28 ||    57

Table legend: (Time is in decaauts)
 A = Elapsed time spent in this place.
 B = Non-inter-level travel time spent in this place.
 C = Inter-level travel time spent in this place.
 D = Time resting spent in this place.
 E = Time spent auto-exploring this place.
 F = Levels seen in this place.
 G = Mean time per level.
                   A        B        C        D        E       F      G
               +--------+--------+--------+--------+--------+-----+--------+
         Total |   3509 |   3412 |     97 |      0 |   2931 |   4 |  877.2 |
       Dungeon |   3509 |   3412 |     97 |      0 |   2931 |   4 |  877.2 |
               +--------+--------+--------+--------+--------+-----+--------+

Top non-repeatable levels by time:
     D:3: 1331 daAuts
     D:2: 868 daAuts
     D:1: 774 daAuts
     D:4: 535 daAuts
